 Dungeon Crawl Stone Soup version 0.18-a0-1468-gaf180a1 (console) character file.

48 utis the Ogre Mage (level 3, -4/31 HPs)
             Began as an Ogre Wizard on Mar 1, 2016.
             Slain by an adder (5 damage)
             ... on level 2 of the Dungeon.
             The game lasted 00:06:16 (1876 turns).

utis the Ogre Mage (Ogre Wizard)                    Turns: 1876, Time: 00:06:16

Health: -4/31      AC:  3    Str: 12    XL:     3   Next: 72%
Magic:  1/9        EV: 10    Int: 22    God:
Gold:   78         SH:  0    Dex:  9    Spells: 5 memorised, 1 level left

rFire  . . .     SeeInvis .     g - +0 club
rCold  . . .     Gourm    .     a - +0 robe
rNeg   . . .     Faith    .     (no shield)
rPois  .         Spirit   .     m - +0 hat
rElec  .         Dismiss  .     (no cloak)
rCorr  .         Reflect  .     (gloves unavailable)
SustAt .         Harm     .     (boots unavailable)
MR     .....                    B - amulet of rage
Stlth  +.........               (no ring)
                                (no ring)

@: brilliant, lethally poisoned (-4 -> -16), very slightly contaminated, not
resistant to hostile enchantments, very unstealthy
A: unfitting armour, tough skin 1
a: Evoke Berserk Rage


You were on level 2 of the Dungeon.
You were not hungry.

You visited 1 branch of the dungeon, and saw 2 of its levels.

You collected 78 gold pieces.

Inventory:

Hand Weapons
 b - a +0 hunting sling
 g - a +0 club (weapon)
Missiles
 i - 27 stones (quivered)
Armour
 a - a +0 robe (worn)
 m - a +0 hat (worn)
Jewellery
 n - an uncursed amulet of faith {unknown}
 B - an amulet of rage (around neck)
Scrolls
 e - a scroll of identify {unknown}
 h - 2 scrolls of fear {unknown}
 j - a scroll of random uselessness {unknown}
 k - a scroll of fog {unknown}
 l - a scroll of amnesia {unknown}
Books
 c - a book of Minor Magic

   Spells                             Type                      Level
   a - Magic Dart                     Conjuration                  1
   b - Blink                          Translocation                2
   c - Call Imp                       Summoning                    2
   d - Repel Missiles                 Charms/Air                   2
   e - Slow                           Hexes                        2
   f - Conjure Flame                  Conjuration/Fire             3
   g - Mephitic Cloud                 Conjuration/Poison/Air       3
Comestibles
 d - a bread ration {@e1}
 o - 3 chunks of flesh
 q - a beef jerky {@e2}


   Skills:
 - Level 1.7 Dodging
 - Level 1.5 Stealth
 + Level 4.5 Spellcasting
 + Level 1.5 Conjurations
 - Level 0.6 Summonings
 - Level 0.6 Translocations
 + Level 0.1 Air Magic
 + Level 0.3 Poison Magic


You had one spell level left.
You knew the following spells:

 Your Spells              Type           Power        Failure   Level  Hunger
d - Mephitic Cloud        Conj/Pois/Air  ###.....     3%          3    ##.....
p - Call Imp              Summ           ###.....     1%          2    None
v - Blink                 Tloc           N/A          1%          2    None
w - Slow                  Hex            ###.....     2%          2    None
z - Magic Dart            Conj           ###.         1%          1    None


Dungeon Overview and Level Annotations

Branches:
Dungeon (2/15)

Altars:


Innate Abilities, Weirdness & Mutations

You are too large for most types of armour.
You have tough skin (AC +1).


Message History

* * * LOW HITPOINT WARNING * * *
You feel sick. The adder bites you.
* * * LOW HITPOINT WARNING * * *
The adder closely misses you.
Unknown command.
Throwing (i - inventory. (,) - cycle):
f - 2 large rocks (quivered)
Press: ? - help, Shift-Dir - straight line, f/p - adder
Aim: an adder (severely wounded)
You throw a large rock.
The large rock closely misses the adder.
* * * LOW HITPOINT WARNING * * *
You feel sick. The adder closely misses you.
Unknown command.
Throwing (i - inventory. (,) - cycle):
f - a large rock (quivered)
Press: ? - help, Shift-Dir - straight line, f/p - adder
Aim: an adder (severely wounded)
You throw a large rock. The large rock misses the adder.
* * * LOW HITPOINT WARNING * * *
You feel sick. The adder bites you.
You die...

░░░░░░░░.░░░░.....░░..........
░.............░.░.....
░░░.............░.░.....
░.......░░......░.░ ...
░........+....░░░.░ ..
░░░░░........░....░
░.......░░░░.░....░
░.......░░░░.░....░
░..........░O░....░
░..........░S░░░░
░░░░░+░.........░
░...........░ ░░░░░.......░
░..)░░░░░ ░...░ ░...░ ░...░


You could see an adder.

Vanquished Creatures
  An adder (D:2)
  An ooze (D:1)
  A dart slug (D:1)
  6 bats
  2 giant cockroaches
  7 goblins
  4 hobgoblins (D:1)
  3 kobolds (D:1)
  A giant newt (D:1)
  3 rats
29 creatures vanquished.

Notes
Turn   | Place    | Note
--------------------------------------------------------------
     0 | D:1      | utis the Ogre Wizard began the quest for the Orb.
     0 | D:1      | Reached XP level 1. HP: 16/16 MP: 5/5
   169 | D:1      | Reached skill level 1 in Conjurations
   211 | D:1      | Reached XP level 2. HP: 24/24 MP: 1/6
   343 | D:1      | Reached skill level 4 in Spellcasting
   648 | D:1      | Learned a level 2 spell: Call Imp
   651 | D:1      | Learned a level 2 spell: Blink
   785 | D:1      | Reached XP level 3. HP: 31/31 MP: 6/8
  1306 | D:1      | Learned a level 3 spell: Mephitic Cloud
  1475 | D:1      | Learned a level 2 spell: Slow
  1876 | D:2      | HP: 1/31 [poisoned by an adder]
  1876 | D:2      | Slain by an adder

Vault maps used:
D:1:      onia_arrival_pyramid, kennysheep_minor_cross, minmay_parallelograms,
          kennysheep_small_spiral, minmay_misc_feat_nine_boxes,
          minmay_misc_feat_rows
D:2:      serial_bayou_lagoon_a

Skill      XL: |  1  2 |
---------------+-------+-----
Conjurations   | 1 |  1.5
Spellcasting   | 4 |  4.5
Dodging        | |  1.7
Stealth        | |  1.5
Summonings     | |  0.6
Translocations | |  0.6
Air Magic      | |  0.1
Poison Magic   | |  0.3

Action                   || total
-------------------------++-------
Melee: Club              ||     7
 Fire: Hunting sling     ||     4
Throw: Large rock        ||     5
 Cast: Magic Dart        ||    70
       Mephitic Cloud    ||     1
  Use: Potion            ||     1
  Eat: Chunk             ||     3
